 Dungeon Crawl Stone Soup version 0.16.1 (console) character file.

12 gw the Magician (level 2, 0/22 HPs)
             Began as a Demigod Wizard on Mar 23, 2015.
             Slain by a jackal (1 damage)
             ... on level 1 of the Dungeon.
             The game lasted 00:00:38 (621 turns).

gw the Magician (Demigod Wizard)                     Turns: 621, Time: 00:00:38

Health: 0/22       AC:  0    Str: 10    XL:     2   Next: 9%
Magic:  0/6        EV: 12    Int: 22    God:
Gold:   18         SH:  0    Dex: 14    Spells: 1 memorised, 5 levels left

rFire  . . .     SeeInvis .     a - +0 short sword
rCold  . . .     Clarity  .     f - +0 robe
rNeg   . . .     SustAb   +     (no shield)
rPois  .         Gourm    .     b - +0 hat
rElec  .         Spirit   .     n - +0 cloak
rCorr  .         Warding  .     (no gloves)
rMut   .         Stasis   .     (no boots)
MR     .....                    (no amulet)
Stlth  ++........               (no ring)
                                h - -3 ring of protection (curse)

@: very slightly contaminated, not resistant to hostile enchantments, unstealthy
A: sustain abilities
a: no special abilities


You were on level 1 of the Dungeon.
You were not hungry.

You visited 1 branch of the dungeon, and saw 1 of its levels.

You collected 18 gold pieces.

Inventory:

Hand weapons
 a - a +0 short sword (weapon)
Missiles
 g - 18 poisoned needles
 j - 19 stones (quivered)
Armour
 b - a +0 hat (worn)
 f - a +0 robe (worn)
 n - a +0 cloak (worn)
Jewellery
 h - a cursed -3 ring of protection (left hand)
Scrolls
 k - a scroll of noise {unknown}
 l - a scroll of teleportation {unknown}
Potions
 e - a potion of magic {unknown}
 i - 2 potions of lignification {unknown}
 m - a potion of might {unknown}
Books
 c - a book of Minor Magic

   Spells                             Type                      Level
   a - Magic Dart                     Conjuration                  1
   b - Blink                          Translocation                2
   c - Call Imp                       Summoning                    2
   d - Repel Missiles                 Charms/Air                   2
   e - Slow                           Hexes                        2
   f - Conjure Flame                  Conjuration/Fire             3
   g - Mephitic Cloud                 Conjuration/Poison/Air       3
Comestibles
 d - 2 bread rations


   Skills:
 + Level 0.3 Fighting
 + Level 0.3 Armour
 - Level 1.7 Dodging
 - Level 1.7 Stealth
 + Level 2.8 Spellcasting
 * Level 1.5 Conjurations
   Level 0.8 Summonings
   Level 0.8 Translocations


You had 5 spell levels left.
You knew the following spells:

 Your Spells              Type           Power        Failure   Level  Hunger
a - Magic Dart            Conj           #...         10%         1    None


Dungeon Overview and Level Annotations

Branches:
Dungeon (1/15)


Innate Abilities, Weirdness & Mutations

Your attributes are resistant to harm.


Message History

You hit the jackal but do no damage. The jackal barely misses you.
The jackal closely misses you. The jackal completely misses you.
The jackal bites you.
Unknown command.
Unknown command.
Unknown command.
Unknown command.
ATTACKING (0,-1)
You hit the jackal.
The jackal is severely wounded.
The jackal bites you. The jackal misses you. The jackal closely misses you.
Unknown command.
Unknown command.
Unknown command.
Unknown command.
ATTACKING (0,-1)
You barely miss the jackal.
The jackal is severely wounded.
The jackal completely misses you. The jackal bites you. The jackal bites you.
You die...

... #####.....####
....# #.#.......
.... #.#.......
... #.#.###### ...
#.#.....## #.#
#.#####.## #h# #.#
#.##
#h#######.#####.).
#ph...............
#########.########
#.........
##########


You could see 3 jackals.

Table legend:
 A = Turns spent in this place as a percentage of turns spent in the entire game.
 B = Non-inter-level travel turns spent in this place as a percentage of non-inter-level travel turns spent in the entire game.
 C = Inter-level travel turns spent in this place as a percentage of turns spent in this place.
 D = Turns resting spent in this place as a percentage of non-inter-level travel turns spent in this place.
 E = Turns spent auto-exploring this place as a percentage of non-inter-level travel turns spent in this place.
 F = Non-inter-level travel turns spent in this place divided by the number of levels of this place that you've seen.
                   A       B       C       D       E      F
               +-------+-------+-------+-------+-------+----------------------
         Total | 100.0 | 100.0 |   0.0 |   2.4 |   3.3 | 850.0
       Dungeon | 100.0 | 100.0 |   0.0 |   2.4 |   3.3 | 850.0
               +-------+-------+-------+-------+-------+----------------------

Table legend:
 A = Kills in this place as a percentage of kills in entire the game.
 B = Kills by you in this place as a percentage of kills by you in the entire game.
 C = Kills by friends in this place as a percentage of kills by friends in the entire game.
 D = Other kills in this place as a percentage of other kills in the entire game.
 E = Experience gained in this place as a percentage of experience gained in the entire game.
 F = Experience gained in this place divided by the number of levels of this place that you have seen.
                   A       B       C       D       E      F
               +-------+-------+-------+-------+-------+----------------------
         Total | 100.0 | 100.0 |  -nan |  -nan | 100.0 |  18.0
       Dungeon | 100.0 | 100.0 |  -nan |  -nan | 100.0 |  18.0
               +-------+-------+-------+-------+-------+----------------------

Vanquished Creatures
  A giant gecko (D:1)
  A bat (D:1)
  3 hobgoblins (D:1)
  A jackal (D:1)
  A giant newt (D:1)
  2 goblins (D:1)
  A rat (D:1)
10 creatures vanquished.

Notes
Turn   | Place    | Note
--------------------------------------------------------------
     0 | D:1      | gw, the Demigod Wizard, began the quest for the Orb.
     0 | D:1      | Reached XP level 1. HP: 14/14 MP: 4/4
    66 | D:1      | Reached skill level 1 in Conjurations
   457 | D:1      | Reached XP level 2. HP: 22/22 MP: 0/6
   621 | D:1      | HP: 1/22 [jackal (1)]
   621 | D:1      | Slain by a jackal

Action                   || total
-------------------------++-------
Melee: Short sword       ||    11
Throw: Stone             ||     1
 Cast: Magic Dart        ||    28

Vault maps used:
D:1:      dpeg_arrival_tiny_k
